 Dungeon Crawl Stone Soup version 0.26.1-11-gd32895ea62 (webtiles) character file.

Game seed: 12429427462334269102

760 Kalagan26 the Digger (level 7, -1/40 HPs)
             Began as a Gargoyle Earth Elementalist on June 22, 2021.
             Was an Initiate of Makhleb.
             Slain by a two-headed ogre
             ... wielding a +0 giant club
              (17 damage)
             ... on level 6 of the Dungeon.
             The game lasted 00:45:20 (8574 turns).

Kalagan26 the Digger (Gargoyle Earth Elementalist)  Turns: 8574, Time: 00:45:20

Health: -1/40      AC: 11    Str: 11    XL:     7   Next: 80%
Magic:  15/15      EV: 12    Int: 18    God:    Makhleb [......]
Gold:   264        SH:  0    Dex: 10    Spells: 13/17 levels left

rFire    . . .     SeeInvis +   a - +1 hand axe
rCold    . . .     Faith    .   (no shield)
rNeg     + . .     Spirit   .   c - +0 robe
rPois    ∞         Reflect  .   m - +0 helmet
rElec    +         Harm     .   (no cloak)
rCorr    .         Rampage  .   s - +0 pair of gloves
Will     .....                  f - +0 pair of boots
Stlth    ++........             p - amulet of regeneration
HPRegen  0.53/turn              d - ring of see invisible
MPRegen  0.14/turn              (no ring)

@: no status effects
A: thin metallic scales 1, negative energy resistance 1, electricity resistance,
unbreathing, petrification resistance, miasma immunity, MP-powered wands, AC +4
a: Renounce Religion


You were on level 6 of the Dungeon.
You worshipped Makhleb.
Makhleb was noncommittal.
You visited 1 branch of the dungeon, and saw 6 of its levels.

You collected 264 gold pieces.

Inventory:

Hand Weapons
 a - a +1 hand axe (weapon)
 l - a cursed -2 mace
 C - a +1 vorpal shortbow
Missiles
 y - 66 stones
 D - 19 arrows
Armour
 c - a +0 robe (worn)
 f - a +0 pair of boots (worn)
 m - a +0 helmet (worn)
 s - a +0 pair of gloves (worn)
 x - the cursed +1 leather armour of Sunlight {rF- Int+8}
   (You took it off an orc on level 4 of the Dungeon)

   It affects your intelligence (+8).
   It makes you vulnerable to fire.
   It has a curse placed upon it.
Jewellery
 d - a ring of see invisible (left hand)
 j - an uncursed ring of ice
 o - an uncursed ring of stealth
 p - an amulet of regeneration (around neck)
Wands
 b - a wand of digging (4)
 w - a wand of paralysis (10) (quivered)
 z - a wand of iceblast (7)
Scrolls
 e - 3 scrolls of magic mapping
 g - a scroll of noise {unknown}
 h - 7 scrolls of remove curse
 i - a scroll of enchant armour {unknown}
 k - 7 scrolls of identify
 q - a scroll of enchant weapon
 r - a scroll of immolation {unknown}
 v - a scroll of amnesia
 A - a scroll of teleportation {unknown}
Potions
 n - a potion of attraction
 t - a potion of curing
 u - a potion of heal wounds


   Skills:
 - Level 2.0 Fighting
 - Level 1.5 Dodging
 - Level 2.1 Stealth
 * Level 5.5 Spellcasting
 + Level 2.4 Conjurations
 - Level 0.7 Transmutations
 + Level 7.1 Earth Magic


You had 13 spell levels left.
You knew the following spells:

 Your Spells              Type           Power        Failure   Level
a - Sandblast             Erth           60%          1%          1
b - Stone Arrow           Conj/Erth      44%          5%          3

Your spell library contained the following spells:

 Spells                   Type           Power        Failure   Level
 Passwall                 Tmut/Erth      15%          3%          2
 Lee's Rapid Deconstruct  Erth           15%          19%         5
 Petrify                  Tmut/Erth      19%          26%         4


Dungeon Overview and Level Annotations

Branches:
Dungeon (6/15)             Temple (0/1) D:4

Altars:
Cheibriados
Makhleb
Sif Muna
Uskayaw

Shops:
D:6 *

Annotations:
D:2 Robin
D:4 2 transporters, exclusion: oklob sapling, Descartes's ghost, amateur VSCK


Innate Abilities, Weirdness & Mutations

You are resistant to torment.
Your stone body is resilient. (AC +4)
You are immune to poison.
You resist negative energy. (rN+)
You are resistant to electric shocks. (rElec)
You can survive without breathing.
You are immune to petrification.
You are immune to miasma.
You are partially covered in thin metallic scales. (AC +2)
You expend magic power (3 MP) to strengthen your wands.


Message History

The two-headed ogre misses you.
A worker ant comes into view.
Okay, then.
It was a potion of heal wounds.
You feel much better.
Unknown command.
The two-headed ogre hits you but does no damage.
The two-headed ogre barely misses you.
There is a stone staircase leading up here.
It was a potion of curing.
You feel better.
The two-headed ogre hits you with a +0 giant club! x2
Okay, then.
It was a potion of mutation.
You feel extremely strange.
Thin metallic scales grow over part of your body.
You feel your magical essence link to the dungeon's wands.
The two-headed ogre closely misses you.
The two-headed ogre hits you with a +0 giant club!
You hit the two-headed ogre.
The two-headed ogre is lightly wounded.
The two-headed ogre hits you with a +0 giant club!
You die...

### ### ###.###.#
#....##.## ###...<.O..#
#......##@.###
#......#.....#
#..........### ...
##....##...# ....
###...##...###
....###............##
....#.......#.......###
#...#......##..#.....###
#...##......##.##......#


You could see a two-headed ogre.

Vanquished Creatures
  Menkaure (D:6)
  2 centaurs
  A centaur zombie (D:2)
  An orc priest (D:3)
  An iguana (D:4)
  An orc wizard (D:4)
  5 worker ants
  A hound zombie (D:6)
  A worker ant zombie (D:6)
  7 adders
  A shadow imp (D:5)
  3 ufetubi
  2 oozes
  An adder skeleton (D:5)
  3 dart slugs
  4 worms
  6 leopard geckos
  21 orcs
  2 giant cockroaches
  9 goblins
  5 hobgoblins
  3 quokkas
  7 bats
  3 frilled lizards
  6 kobolds
  3 rats
100 creatures vanquished.

Vanquished Creatures (others)
  An orc (D:5)
  2 fungi (D:2)
  8 plants (D:4)
11 creatures vanquished.

Grand Total: 111 creatures vanquished

Notes
Turn   | Place    | Note
-------+----------+-------------------------------------------
     0 | D:1      | Kalagan26 the Gargoyle Earth Elementalist began the quest
                  | for the Orb.
     0 | D:1      | Reached XP level 1. HP: 10/10 MP: 3/3
   338 | D:1      | Reached skill level 4 in Earth Magic
   361 | D:1      | Reached XP level 2. HP: 15/15 MP: 1/5
   713 | D:2      | Found a hide-covered altar of Uskayaw.
   946 | D:2      | Noticed Robin
   992 | D:2      | Reached skill level 1 in Fighting
   992 | D:2      | Reached XP level 3. HP: 20/20 MP: 4/6
  1296 | D:2      | Reached skill level 5 in Earth Magic
  1374 | D:2      | Reached XP level 4. HP: 26/26 MP: 1/7
  1590 | D:2      | Learned a level 3 spell: Stone Arrow
  1978 | D:3      | Reached skill level 6 in Earth Magic
  2110 | D:3      | Reached XP level 5. HP: 30/30 MP: 5/8
  4261 | D:3      | Found a faded altar of an unknown god.
  4823 | D:4      | Found a burning altar of Makhleb.
  4881 | D:4      | Became a worshipper of Makhleb the Destroyer
  5488 | D:4      | Found a transporter.
  5491 | D:4      | Noticed Descartes's ghost (amateur VSCK)
  5511 | D:4      | Found a transporter.
  5533 | D:4      | Reached XP level 6. HP: 35/35 MP: 4/11
  5851 | D:4      | Found a staircase to the Ecumenical Temple.
  6340 | D:4      | Identified the cursed +1 leather armour of Sunlight {rF-
                  | Int+8}
  6555 | D:5      | Entered Level 5 of the Dungeon
  7056 | D:5      | Reached skill level 1 in Conjurations
  7261 | D:5      | Reached XP level 7. HP: 32/40 MP: 0/14
  7827 | D:6      | Found Quxauxef's General Store.
  8045 | D:6      | Noticed Menkaure
  8096 | D:6      | Killed Menkaure
  8097 | D:6      | Reached skill level 5 in Spellcasting
  8097 | D:6      | Reached skill level 7 in Earth Magic
  8416 | D:6      | Found a snail-covered altar of Cheibriados.
  8416 | D:6      | Found a shimmering blue altar of Sif Muna.
  8511 | D:6      | Noticed a two-headed ogre
  8570 | D:6      | Gained mutation: You are partially covered in thin metallic
                  | scales. (AC +2) [potion of mutation]
  8570 | D:6      | Gained mutation: You expend magic power (3 MP) to
                  | strengthen your wands. [potion of mutation]
  8574 | D:6      | Slain by a two-headed ogre

Illustrated notes

Levels and vault maps discovered:
D:1:      lemuel_arrival_broad_hall, layout_rooms, serial_corexii_hall,
          corexii_hall_statues_t, chequers_hall_statues_y
D:2:      lemuel_upstairs_altar, layout_rooms, eat_drink_and_be_merry_uskayaw,
          uniq_robin, uniq_crazy_yiuf_cottage
D:3:      layout_loops_ring, chequers_ecumenical_altar_simple_redux,
          minmay_misc_feat_rugged
D:4:      layout_loops_ring, minmay_temple_entry_oklob,
          gammafunk_ghost_stat_death, amcnicky_altar_gilded
D:5:      layout_loops_corners, minmay_misc_feat_roman
D:6:      layout_cave_pools, amethyst_overflow_temple_binary,
          makhleb_altar_promises_db, serial_shops, shop, minmay_joined_circles,
          uniq_menkaure

Skill      XL: |  1  2  3  4  5  6  7 |
---------------+----------------------+-----
Earth Magic    | 4 5 6 7 |  7.1
Fighting       | 1 2 |  2.0
Spellcasting   | 3 4 5 |  5.5
Conjurations   | 1 2 |  2.4
Dodging        | |  1.5
Stealth        | |  2.1
Transmutations | |  0.7

Action                   |  1- 3 |  4- 6 |  7- 9 || total
-------------------------+-------+-------+-------++-------
Melee: Hand axe          |     3 |   272 |     4 ||   279
 Cast: Sandblast         |    31 |    27 |       ||    58
       Stone Arrow       |       |    35 |    19 ||    54
  Use: Scroll            |     2 |     3 |     2 ||     7
       Potion            |       |     1 |     3 ||     4
 Stab: Sleeping          |       |     1 |       ||     1
Armor: Robe              |     4 |   111 |     8 ||   123
Dodge: Dodged            |    12 |   227 |    16 ||   255
